 Dungeon Crawl Stone Soup version 0.17.0-7-gfadd4cc (webtiles) character file.

128 septik the Cudgeler (level 4, -9/35 HPs)
             Began as a Mummy Fighter on Nov 8, 2015.
             Killed from afar by an orc wizard (10 damage)
             ... with a puff of flame
             ... on level 4 of the Dungeon.
             The game lasted 00:06:33 (2501 turns).

septik the Cudgeler (Mummy Fighter)                 Turns: 2501, Time: 00:06:33

Health: -9/35      AC:  7    Str: 19    XL:     4   Next: 86%
Magic:  4/4        EV:  9    Int:  7    God:
Gold:   143        SH:  8    Dex: 12    Spells: 0 memorised, 3 levels left

rFire  . . .     SeeInvis .     a - +0 flail
rCold  + . .     Clarity  .     m - +0 scale mail
rNeg   + + +     SustAt   .     c - +0 shield
rPois  ∞         Gourm    .     (no helmet)
rElec  .         Spirit   .     (no cloak)
rCorr  .         Warding  .     (no gloves)
rMut   .         Stasis   .     f - +0 pair of boots {Fly}
MR     .....                    (no amulet)
Stlth  ..........               j - ring of protection from fire
                                i - +2 ring of evasion

@: flying, not resistant to hostile enchantments, extremely unstealthy
A: no food or potions, fire vulnerability, cold resistance 1, negative energy
resistance 3, torment resistance, unbreathing
a: Stop Flying


You were on level 4 of the Dungeon.
You were not hungry.

You visited 1 branch of the dungeon, and saw 4 of its levels.

You collected 143 gold pieces.

Inventory:

Hand Weapons
 a - a +0 flail (weapon)
 b - a +0 hunting sling
Missiles
 e - 70 stones (quivered)
 l - 34 sling bullets
Armour
 c - a +0 shield (worn)
 f - a +0 pair of boots of flying (worn)
 m - a +0 scale mail (worn)
 q - a +0 pair of boots
Jewellery
 i - a +2 ring of evasion (left hand)
 j - a ring of protection from fire (right hand)
Scrolls
 d - a scroll of random uselessness {unknown}
 g - 2 scrolls of remove curse
 h - 2 scrolls of enchant armour {unknown}
 k - a scroll of identify {unknown}
 n - 3 scrolls of noise {unknown}
 o - 2 scrolls of teleportation {unknown}
 p - a scroll of fog {unknown}
 r - a scroll of fear {unknown}


   Skills:
 - Level 3.2 Fighting
 + Level 3.8 Maces & Flails
 - Level 2.5 Armour
 - Level 0.4 Dodging
 - Level 2.5 Shields


You had 3 spell levels left.
You didn't know any spells.

Dungeon Overview and Level Annotations

Branches:
Dungeon (4/15)
 Temple: D:4-7

Altars:
Cheibriados
Dithmenos
Makhleb

Annotations:
D:3 exclusion: player ghost, TheBoneZone's ghost, weakling TrMo


Innate Abilities, Weirdness & Mutations

You do not eat or drink.
Your flesh is vulnerable to fire.
You are immune to poison.
Your flesh is cold resistant.
You are immune to negative energy.
You are immune to unholy pain and torment.
You can survive without breathing.


Message History

You miss something. Something hits you but does no damage.
You hear some strange, mumbled words.
A puff of flame appears from out of thin air!
The puff of flame hits you!
You barely miss something. Something hits you but does no damage.
You closely miss something. Something hits you but does no damage.
You hit something.
You hear some strange, mumbled words.
A puff of flame appears from out of thin air!
The puff of flame misses you.
You closely miss something. Something hits you.
You hear some strange, mumbled words.
A puff of flame appears from out of thin air!
The puff of flame hits you!
* * * LOW HITPOINT WARNING * * *
You barely miss something. Something hits you but does no damage.
You hear some strange, mumbled words.
A puff of flame appears from out of thin air!
The puff of flame hits you!
You die...

### ...
#####.#
.......#######
.......))o{..#
.........###@#
..........##<#
.#$.......##.#
.......##.##.#
....... .##(#
..<#... .##.#
#....## .##.#
#.. ....# ..#


You could see an orc.

Vanquished Creatures
  6 adders
  An adder skeleton (D:4)
  A worm (D:2)
  3 giant geckos
  4 orcs
  6 hobgoblins
  6 jackals
  6 kobolds
  2 quokkas (D:2)
  A ball python (D:1)
  3 bats (D:2)
  5 giant cockroaches
  3 giant newts
  10 goblins
  7 rats
64 creatures vanquished.

Vanquished Creatures (others)
  5 toadstools (D:1)
5 creatures vanquished.

Grand Total: 69 creatures vanquished

Notes
Turn   | Place    | Note
--------------------------------------------------------------
     0 | D:1      | septik the Mummy Fighter began the quest for the Orb.
     0 | D:1      | Reached XP level 1. HP: 18/18 MP: 1/1
   237 | D:1      | Reached XP level 2. HP: 14/24 MP: 2/2
  1165 | D:2      | Reached XP level 3. HP: 29/29 MP: 3/3
  1532 | D:2      | Found a snail-covered altar of Cheibriados.
  1595 | D:2      | Found a shadowy altar of Dithmenos.
  1680 | D:2      | Reached XP level 4. HP: 35/35 MP: 4/4
  1773 | D:2      | Found a burning altar of Makhleb.
  2312 | D:3      | Noticed TheBoneZone's ghost (weakling TrMo)
  2499 | D:4      | HP: 1/35 [something/puff of flame (10)]
  2501 | D:4      | Killed from afar by an orc wizard

Action                   |  1- 3 |  4- 6 || total
-------------------------+-------+-------++-------
Melee: Flail             |   152 |   104 ||   256
 Fire: Hunting sling     |    19 |       ||    19
Throw: Stone             |     3 |       ||     3
  Use: Scroll            |     1 |       ||     1
